 Dungeon Crawl Stone Soup version 0.31.0-12-g77e489cdc1 (webtiles) character file.

Game seed: 13258060512180723989

825 KennySheep the Cleaver (level 7, -6/63 HPs)
             Began as a Hill Orc Monk on Mar 3, 2024.
             Was a Believer of Trog.
             Mangled by a two-headed ogre
             ... wielding a +0 giant club
              (7 damage)
             ... on level 6 of the Dungeon.
             The game lasted 00:06:27 (3035 turns).

KennySheep the Cleaver (Hill Orc Monk)              Turns: 3035, Time: 00:06:27

Health: -6/63      AC: 10    Str: 16    XL:     7   Next: 96%
Magic:  7/7        EV: 12    Int: 10    God:    Trog [**....]
Gold:   178        SH:  0    Dex: 13    Spells: 6/6 levels left

rFire   . . .        s - +1 hand axe (elec)
rCold   + . .        d - orb {light}
rNeg    . . .        x - +2 leather armour {rC+}
rPois   .            (no helmet)
rElec   .            (no cloak)
rCorr   .            g - +0 pair of gloves
SInv    .            (no boots)
Will    +....        i - amulet of regeneration
Stlth   +            p - ring of willpower
HPRegen 1.10/turn    w - +4 ring of protection
MPRegen 0.10/turn

%: no passive effects
@: glowing
A: no striking features
a: Renounce Religion, Berserk, Trog's Hand


You were on level 6 of the Dungeon.
You worshipped Trog.
Trog was pleased with you.
You visited 1 branch of the dungeon, and saw 5 of its levels.

You collected 178 gold pieces.

Inventory:

Hand Weapons
 a - a +0 hand axe
 s - a +1 hand axe of electrocution (weapon)
Armour
 b - a +0 robe
 d - an orb of light (worn)
 g - a +0 pair of gloves (worn)
 x - a +2 leather armour of cold resistance (worn)
Jewellery
 i - an amulet of regeneration (around neck)
 k - a ring of flight
 n - a ring of ice
 p - a ring of willpower (left hand)
 w - a +4 ring of protection (right hand)
Wands
 u - a wand of flame (16)
 v - a wand of polymorph (9)
 A - a wand of acid (13)
Scrolls
 f - 3 scrolls of teleportation {unknown}
 l - a scroll of immolation {unknown}
 m - a scroll of enchant armour {unknown}
 o - 4 scrolls of identify {unknown}
 r - a scroll of fog {unknown}
 t - 2 scrolls of noise {unknown}
 y - a scroll of torment {unknown}
 z - a scroll of enchant weapon {unknown}
Potions
 c - a potion of ambrosia
 e - 2 potions of attraction {unknown}
 h - a potion of enlightenment {unknown}
 j - 2 potions of curing {unknown}
 q - 2 potions of heal wounds {unknown}


   Skills:
 + Level 6.3 Fighting
 * Level 9.0 Axes
 + Level 4.4 Armour
 - Level 2.4 Dodging


You had 6 spell levels left.
You didn't know any spells.
Your spell library contained the following spells:

 Spells                   Type           Power      Damage    Failure   Level
 Shock                    Conj/Air       0%         1d3       41%         1
 Scorch                   Fire           0%         2d5       56%         2
 Swiftness                Air            0%         N/A       80%         3
 Airstrike                Air            0%         2d(0-16)  99%         4
 Flame Wave               Conj/Fire      0%         2d4       99%         4
 Summon Cactus Giant      Summ           0%         N/A       100%        6


Dungeon Overview and Level Annotations

Branches:
Dungeon (6/15)             Temple (0/1) D:6

Altars:
Trog
Vehumet
Xom

Shops:
D:1 :

Annotations:
D:5 1 runed translucent door, exclusion: statue, Crazy Yiuf


Message History

Found 5 stones.
Found a faded altar of an unknown god.
Found a staircase to the Ecumenical Temple.
An adder comes into view.
The adder hisses angrily.
An adder is nearby!
The adder closely misses you.
You hit the adder.
The adder is moderately wounded.
The adder barely misses you.
You completely miss the adder.
The adder is moderately wounded.
The adder bites you but does no damage. The adder closely misses you.
You slash the adder! Lightning courses through the adder!
You kill the adder!
Trog accepts your kill.
Your Axes skill increases to level 9!
No target in view!
You see here an adder corpse.
A - a wand of acid (13)
o - 4 scrolls labelled HISHROL JIEXATE (gained 1)
There is a stone staircase leading up here.
A two-headed ogre comes into view.
It is wielding a +0 giant club and a +0 giant spiked club.
Found an escape hatch in the ceiling.
The two-headed ogre shouts in stereo!
A two-headed ogre is nearby!
A two-headed ogre is nearby!
You hit the two-headed ogre.
Lightning courses through the two-headed ogre!
The two-headed ogre is moderately wounded.
You hit the two-headed ogre but do no damage.
The two-headed ogre is moderately wounded.
The two-headed ogre hits you with a +0 giant club!!
The two-headed ogre hits you with a +0 giant spiked club!!
You slash the two-headed ogre!
The two-headed ogre is heavily wounded.
The two-headed ogre hits you with a +0 giant club!!
* * * LOW HITPOINT WARNING * * *
The two-headed ogre hits you with a +0 giant spiked club!
You die...

#.#####. #. ##.......
#. #........ #<
#..###### #. #..# # #.
#####..# # #. #......#
# #O#####.###.##### #
#.##.@..<..........###
#.##.>####............
#.##..# #####..#####.
#.##..###### #..# #.
#.##.......###..#####.
#.###.###.#.........†.
##.###.####.###........
#..........).....#####.
#..###.#######...## #.


You could see a two-headed ogre.

Vanquished Creatures
  Duvessa (D:5)
  2 black bears (D:5)
  A centaur (D:6)
  A bullfrog (D:6)
  Dowan (D:5)
  A hound (D:5)
  A jelly (D:3)
  An orc priest (D:5)
  An iguana (D:3)
  An orc wizard (D:5)
  3 gnolls (D:3)
  8 adders
  A shadow imp (D:5)
  2 white imps
  2 ufetubi (D:5)
  A dart slug (D:2)
  5 orcs
  3 bats
  5 endoplasms
  5 giant cockroaches
  3 goblins
  8 hobgoblins
  4 jackals (D:3)
  A quokka (D:2)
  4 ball pythons
  14 frilled lizards
  4 kobolds
  6 rats
90 creatures vanquished.

Notes
Turn   | Place    | Note
-------+----------+-------------------------------------------
     0 | D:1      | KennySheep the Hill Orc Monk began the quest for the Orb.
     0 | D:1      | Reached XP level 1. HP: 19/19 MP: 1/1
   176 | D:1      | Found Nisojiexo's Book Emporium.
   217 | D:1      | Reached XP level 2. HP: 20/27 MP: 2/2
   765 | D:1      | Reached skill level 1 in Armour
   953 | D:2      | Reached XP level 3. HP: 27/33 MP: 3/3
  1002 | D:2      | Reached skill level 5 in Axes
  1146 | D:2      | Reached XP level 4. HP: 34/40 MP: 4/4
  1633 | D:3      | Found a bloodstained altar of Trog.
  1640 | D:3      | Became a worshipper of Trog the Wrathful
  1640 | D:3      | Reached * piety under Trog
  1640 | D:3      | Reached ** piety under Trog
  1731 | D:3      | Reached XP level 5. HP: 47/47 MP: 5/5
  1810 | D:3      | Found a shimmering altar of Xom.
  1839 | D:3      | Reached skill level 6 in Axes
  1887 | D:3      | You are sucked into a shaft and drop 2 floors!
  1887 | D:5      | Entered Level 5 of the Dungeon
  1891 | D:5      | Noticed Dowan
  1891 | D:5      | Noticed Duvessa
  1897 | D:5      | Killed Dowan
  1898 | D:5      | Reached skill level 5 in Fighting
  1898 | D:5      | Reached XP level 6. HP: 56/56 MP: 6/6
  1903 | D:5      | Killed Duvessa
  1904 | D:5      | Reached skill level 7 in Axes
  1977 | D:5      | Reached XP level 7. HP: 54/61 MP: 7/7
  2031 | D:5      | Found a radiant altar of Vehumet.
  2256 | D:5      | Reached skill level 8 in Axes
  2405 | D:5      | Found a runed translucent door.
  2406 | D:5      | Noticed Crazy Yiuf
  2972 | D:6      | Found a faded altar of an unknown god.
  2974 | D:6      | Found a staircase to the Ecumenical Temple.
  2998 | D:6      | Reached skill level 9 in Axes
  3032 | D:6      | Noticed a two-headed ogre
  3035 | D:6      | HP: 1/63 [two-headed ogre/+0 giant club (25)]
  3035 | D:6      | Mangled by a two-headed ogre

Illustrated notes

Levels and vault maps discovered:
D:1:      dpeg_arrival_shelter, layout_basic, serial_shops, shop, minivault_26,
          minmay_tromino_v4_c
D:2:      layout_rooms, minmay_lizard_pond
D:3:      layout_loops_cross, xom_teletrap_fun, bloody_trog,
          kennysheep_generic_room_12
D:5:      layout_basic, vehumet_statue, uniq_crazy_yiuf_cottage, uniq_duvessa
D:6:      layout_loops_ring, nicolae_temple_entry_ecumenical, serial_shops,
          nicolae_shop_bloodbath_and_beyond, uniq_blork_the_orc

Skill      XL: |  1  2  3  4  5  6  7 |
---------------+----------------------+-----
Armour         | 1 2 3 4 |  4.4
Fighting       | 4 5 6 |  6.3
Axes           | 5 6 7 9 |  9.0
Dodging        | |  2.4

Action                     |  1- 3 |  4- 6 |  7- 9 || total
---------------------------+-------+-------+-------++-------
  Melee: Hand axe          |    73 |   111 |    49 ||   233
 Invoke: Berserk           |       |     1 |       ||     1
 Armour: Robe              |    42 |    54 |    10 ||   106
         Leather armour    |       |       |    47 ||    47
  Dodge: Dodged            |    46 |    72 |    31 ||   149
